 Dungeon Crawl Stone Soup version 0.31-a0-564-g3b7de120b3 (webtiles) character file.

Game seed: 11035769209070194249

32938 Dittersdorf the Protected (level 13, -5/88 HPs)
             Began as a Gargoyle Fighter on Aug 17, 2023.
             Was a High Priest of Okawaru.
             Killed by divine providence
             ... invoked by a meliai
              (12 damage)
             ... on level 4 of the Lair of Beasts.
             The game lasted 00:18:47 (12608 turns).

Dittersdorf the Protected (Gargoyle Fighter)       Turns: 12608, Time: 00:18:47

Health: -5/88      AC: 55    Str: 34    XL:     13   Next: 67%
Magic:  13/13      EV:  7    Int:  9    God:    Okawaru [*****.]
Gold:   955        SH:  8    Dex:  9    Spells: 12/12 levels left

rFire   . . .        a - +1 flail (protect)
rCold   . . .        c - +1 buckler
rNeg    + . .        e - +13 crystal plate armour of Dyqipra {Contam rElec rCorr}
rPois   ∞            s - +1 helmet
rElec   +            G - +1 cloak "Animp" {Str+6}
rCorr   +            D - +0 pair of gloves
SInv    +            (no boots)
Will    .....        h - amulet of regeneration Stlth
                     i - ring "Vinut" {rElec rCorr Str+3 SInv}
HPRegen 1.14/turn    m - +4 ring of protection
MPRegen 0.13/turn

%: no passive effects
@: no status effects
A: sickness immunity, AC +9, negative energy resistance 1, electricity
resistance, torment resistance 1, petrification resistance
a: Renounce Religion, Heroism, Finesse, Duel


You were on level 4 of the Lair of Beasts.
You worshipped Okawaru.
Okawaru was extremely pleased with you.
You visited 3 branches of the dungeon, and saw 15 of its levels.

You collected 955 gold pieces.

Inventory:

Hand Weapons
 a - a +1 flail of protection (weapon)
Missiles
 r - 2 throwing nets
 u - 2 curare-tipped darts (quivered)
Armour
 c - a +1 buckler (worn)
 e - the +13 crystal plate armour of Dyqipra (worn) {Contam rElec rCorr}
   (You acquired it on level 4 of the Dungeon)

   rElec:     It insulates you from electricity.
   Contam:    It causes magical contamination when unequipped.
   rCorr:     It protects you from acid and corrosion.
 s - a +1 helmet (worn)
 D - a +0 pair of gloves (worn)
 G - the +1 cloak "Animp" (worn) {Str+6}
   (You found it on level 4 of the Lair of Beasts)

   Str+6:     It affects your strength (+6).
Magical Staves
 E - a staff of earth
Jewellery
 h - an amulet of regeneration (around neck)
 i - the ring "Vinut" (left hand) {rElec rCorr Str+3 SInv}
   (You acquired it on level 6 of the Dungeon)

   [ring of resist corrosion]

   Str+3:     It affects your strength (+3).
   rElec:     It insulates you from electricity.
   SInv:      It lets you see invisible.
   rCorr:     It protects you from acid and corrosion.
 k - a ring of protection from fire
 m - a +4 ring of protection (right hand)
 x - a +4 ring of slaying
 B - a ring of flight
Wands
 o - a wand of light (14)
 y - a wand of flame (22)
Scrolls
 f - 6 scrolls of teleportation
 v - 2 scrolls of poison
 A - a scroll of blinking
 C - a scroll of fear
 F - a scroll of identify
Potions
 b - a potion of heal wounds
 d - a potion of invisibility
 g - a potion of enlightenment
 j - 5 potions of haste
 l - 4 potions of curing
 n - 2 potions of mutation
 p - 2 potions of magic
 q - 3 potions of cancellation
 t - a potion of brilliance
 w - 3 potions of ambrosia
 z - 2 potions of resistance


   Skills:
 + Level 13.1 Fighting
 + Level 11.9 Maces & Flails
 + Level 13.1 Armour
 + Level 13.1 Shields


You had 12 spell levels left.
You didn't know any spells.
Your spell library contained the following spells:

 Spells                   Type           Power      Damage    Failure   Level
 Apportation              Tloc           0%         N/A       99%         1
 Kiss of Death            Conj/Necr      0%         2d5       99%         1
 Necrotise                Necr           0%         1d4       99%         1
 Sandblast                Erth           0%         2d4       99%         1
 Passwall                 Tmut/Erth      0%         N/A       100%        2
 Poisonous Vapours        Pois/Air       0%         N/A       100%        2
 Scorch                   Fire           0%         2d5       100%        2
 Wereblood                Tmut           0%         N/A       100%        2
 Confusing Touch          Hex            0%         N/A       100%        3
 Hailstorm                Conj/Ice       0%         3d3       100%        3
 Ignite Poison            Fire/Tmut/Pois 0%         N/A       100%        3
 Mephitic Cloud           Conj/Pois/Air  0%         N/A       100%        3
 Stone Arrow              Conj/Erth      0%         3d7       100%        3
 Dispel Undead            Necr           0%         3d6       100%        4
 Flame Wave               Conj/Fire      0%         2d4       100%        4
 Passage of Golubria      Tloc           0%         N/A       100%        4
 Freezing Cloud           Conj/Ice/Air   0%         6-21      100%        5
 Irradiate                Conj/Tmut      0%         3d11      100%        5
 Silence                  Hex/Air        0%         N/A       100%        5
 Lehudib's Crystal Spear  Conj/Erth      0%         10d2      100%        8
 Summon Small Mammal      Summ           Unusable   N/A       N/A         1
 Cigotuvi's Dreadful Rot  Necr/Pois/Air  Unusable   N/A       N/A         2
 Summon Ice Beast         Ice/Summ       Unusable   N/A       N/A         4
 Simulacrum               Ice/Necr       Unusable   N/A       N/A         6
 Summon Cactus Giant      Summ           Unusable   N/A       N/A         6

Dungeon Overview and Level Annotations

Branches:
Dungeon (10/15)            Temple (1/1) D:5            Lair (4/5) D:8
  Swamp (0/4) Lair:2       Spider (0/4) Lair:2        Slime (0/5) Lair:4
    Orc: D:9-12

Altars:
Ashenzari
Cheibriados
Dithmenos
Elyvilon
Fedhas
Gozag
Hepliaklqana
Kikubaaqudgha
Makhleb
Nemelex Xobeh
Okawaru
Qazlal
Ru
Sif Muna
Trog
Uskayaw
Vehumet
Wu Jian
Xom
Yredelemnul
Zin
The Shining One
Jiyva

Shops:
D:3 **   D:9 :

Portals:
Trove: D:10 (give +4 ice dragon scales)

Annotations:
D:3 1 runed translucent door, randomguy2701's ghost, amateur DENe
D:6 2 transporters, Ofeo's ghost, novice DsSh


Innate Abilities, Weirdness & Mutations

You are immune to sickness and miasma.
Your stone body is resilient. (AC +9)
You are immune to poison.
You resist negative energy. (rN+)
You are resistant to electric shocks. (rElec)
You are resistant to unholy torment.
You are immune to petrification.


Message History

You are too injured to fight recklessly!
You are too injured to fight recklessly!
The killer bee attacks as you move away!
The killer bee stings you but does no damage. x3
The killer bee stings you but does no damage. x2
The killer bee stings you but does no damage.
The killer bee barely misses you.
The killer bee attacks as you move away!
The killer bee barely misses you. You block the killer bee's attack.
The killer bee barely misses you. The killer bee closely misses you.
The killer bee stings you but does no damage. x2
The killer bee stings you.
The killer bee attacks as you move away!
You block the killer bee's attack. x2
The meliai calls down the wrath of its god upon you.
Something smites you!
* * * LOW HITPOINT WARNING * * *
The killer bee barely misses you. x2
The killer bee attacks as you move away!
The killer bee barely misses you.
The killer bee stings you but does no damage. x2
You block the killer bee's attack.
The killer bee stings you but does no damage. x2
The meliai invokes the aid of its god against you.
Something smites you!
* * * LOW HITPOINT WARNING * * *
The killer bee stings you but does no damage.
The killer bee closely misses you. You block the killer bee's attack.
The meliai invokes the aid of its god against you.
Something smites you!
* * * LOW HITPOINT WARNING * * *
The killer bee stings you but does no damage.
The killer bee attacks as you move away!
The killer bee stings you but does no damage.
The killer bee attacks as you move away!
The killer bee stings you but does no damage.
The meliai invokes the aid of its god against you.
Something smites you!
You die...

##..# ##..........+ #.y##
#P..........# ##..#
####.#.#'#### #y.# ###)#..#
#####.## ##...# #.##..y#
##..### ##)....### ###...###
#....yy#.### #.......# #
##....y@##.# #......####
#......<..###........#.
######..†..###..÷...........
##..........##.####........##
#.#.P.#.....#### #......###
##.............## ####.#..#
#...............# #..####
##.^............# ##.#
#........#.†....# #..#


You could see a meliai and 5 killer bees.

Vanquished Creatures
  An eleionoma (Lair:2)
  A hydra (Lair:4)
  A vault guard (D:10)
  A two-headed ogre (D:9)
  3 death yaks
  11 elephants
  3 black mambas
  5 cane toads
  2 unseen horrors
  Psyche (D:9)
  5 komodo dragons
  7 polar bears
  3 hornets
  3 trolls
  A meliai (Lair:4)
  6 blink frogs
  2 culicivoras (Lair:2)
  5 wyverns
  49 yaks
  2 shadows
  2 basilisks
  2 humans (D:10)
  2 steam dragons
  Menkaure (D:6)
  An acid dragon (D:9)
  18 water moccasins
  Duvessa (D:5)
  3 black bears
  3 orc warriors
  A sky beast (D:8)
  An ogre (D:5)
  4 ice beasts
  4 wolves (Lair:3)
  4 centaurs
  3 phantoms
  12 bullfrogs
  6 kobold brigands
  A water moccasin zombie (D:5)
  2 scorpions
  A water moccasin skeleton (D:5)
  A wight (D:7)
  Dowan (D:5)
  11 killer bees
  2 electric eels
  6 howler monkeys
  2 bullfrog zombies (D:5)
  A centaur zombie (D:5)
  A hound (D:5)
  A jelly (Lair:4)
  A gnoll bouda (D:7)
  5 orc priests
  2 sleepcaps
  2 scorpion zombies (D:5)
  10 orc wizards
  2 hound zombies (D:5)
  13 gnolls
  15 adders
  A shadow imp (D:7)
  2 ufetubi
  An adder skeleton (D:5)
  2 worms (D:2)
  2 dart slugs (D:3)
  19 orcs
  4 bats
  6 endoplasms
  3 giant cockroaches (D:1)
  5 hobgoblins
  13 jackals
  23 kobolds
  3 quokkas
  4 ball pythons
  4 frilled lizards
  4 goblins
  4 rats
360 creatures vanquished.

Vanquished Creatures (others)
  3 orc wizards
3 creatures vanquished.

Grand Total: 363 creatures vanquished

Notes
Turn   | Place    | Note
-------+----------+-------------------------------------------
     0 | D:1      | Dittersdorf the Gargoyle Fighter began the quest for the
                  | Orb.
     0 | D:1      | Reached XP level 1. HP: 14/14 MP: 1/1
   158 | D:1      | Reached XP level 2. HP: 15/19 MP: 2/2
   725 | D:1      | Reached XP level 3. HP: 15/24 MP: 3/3
  1117 | D:2      | Reached XP level 4. HP: 29/29 MP: 4/4
  1269 | D:3      | Found Usuati's Assorted Antiques.
  1372 | D:3      | Found an ornate altar of the Wu Jian Council.
  1482 | D:3      | Found Mood's General Store.
  1512 | D:3      | Noticed randomguy2701's ghost (amateur DENe)
  1515 | D:3      | Found a runed translucent door.
  1554 | D:3      | Found a faded altar of an unknown god.
  1724 | D:3      | Identified the +7 short sword of Righteous Fury {venom,
                  | rElec Int+4}
  1740 | D:3      | Reached XP level 5. HP: 17/33 MP: 5/5
  2357 | D:4      | Identified a scroll of acquirement
  2357 | D:4      | Acquired the +13 crystal plate armour of Dyqipra {Contam
                  | rElec rCorr}
  2367 | D:4      | Noticed a kobold brigand
  2375 | D:4      | Killed a kobold brigand
  2376 | D:4      | Reached XP level 6. HP: 36/39 MP: 6/6
  2763 | D:4      | Found a broken altar of Ashenzari.
  3044 | D:4      | Found a broken altar of Ashenzari.
  3312 | D:5      | Entered Level 5 of the Dungeon
  3312 | D:5      | Noticed Dowan
  3323 | D:5      | Noticed Duvessa
  3344 | D:5      | Killed Duvessa
  3345 | D:5      | Reached skill level 5 in Fighting
  3345 | D:5      | Reached skill level 5 in Armour
  3345 | D:5      | Reached skill level 5 in Shields
  3345 | D:5      | Reached XP level 7. HP: 26/44 MP: 7/7
  3360 | D:5      | Killed Dowan
  3547 | D:5      | Noticed a shadow
  3569 | D:5      | Killed a shadow
  3592 | D:5      | Found a staircase to the Ecumenical Temple.
  3601 | Temple   | Entered the Ecumenical Temple
  3636 | D:5      | Reached XP level 8. HP: 48/51 MP: 8/8
  3786 | D:5      | Reached skill level 5 in Maces & Flails
  4130 | D:5      | Found a bloodstained altar of Trog.
  4189 | D:6      | Found a transporter.
  4211 | D:6      | Acquired the ring "Vinut" {rElec rCorr Str+3 SInv}
  4305 | D:6      | Noticed Ofeo's ghost (novice DsSh)
  4307 | D:6      | Found a transporter.
  4307 | D:6      | Identified the ring of Siuh {rElec rF+ rC+}
  4413 | D:6      | Reached XP level 9. HP: 39/56 MP: 9/9
  4676 | D:6      | Noticed Menkaure
  4685 | D:6      | Killed Menkaure
  5026 | D:7      | Identified the +1 scale mail of the Ditch-Digger {rF-
                  | Will+++ Str+4 Slay-6}
  5333 | D:7      | Acquired an amulet of regeneration
  5996 | D:7      | Found a shadowy altar of Dithmenos.
  5998 | D:7      | Found a stormy altar of Qazlal.
  6303 | D:8      | Reached XP level 10. HP: 63/64 MP: 10/10
  6532 | D:8      | Found a staircase to the Lair.
  6862 | D:8      | Reached XP level 11. HP: 30/71 MP: 11/11
  7018 | D:8      | Found a basalt altar of Yredelemnul.
  7178 | D:9      | Found Facifues's Tremendous Tomes.
  7498 | D:9      | Found an ancient bone altar of Kikubaaqudgha.
  7505 | D:9      | Noticed Psyche
  7506 | D:9      | Noticed a two-headed ogre
  7512 | D:9      | Killed Psyche
  7513 | D:9      | Reached skill level 10 in Armour
  7513 | D:9      | Reached skill level 10 in Shields
  7520 | D:9      | Killed a two-headed ogre
  7521 | D:9      | Reached skill level 10 in Fighting
  7896 | D:10     | Entered Level 10 of the Dungeon
  8093 | D:10     | Found a hazy altar of Hepliaklqana.
  8276 | D:10     | Noticed a vault guard
  8319 | D:10     | Killed a vault guard
  8350 | D:10     | Found a portal to a secret trove of treasure.
  8478 | D:10     | Found an iron altar of Okawaru.
  8484 | D:10     | Became a worshipper of Warmaster Okawaru
  8610 | D:10     | Identified the +8 hand axe of Diet Blood {chaos, +Blink
                  | Int+4}
  8666 | Lair:1   | Entered Level 1 of the Lair of Beasts
  9004 | Lair:1   | Reached * piety under Okawaru
  9087 | Lair:1   | Reached XP level 12. HP: 79/79 MP: 12/12
  9470 | Lair:1   | Reached ** piety under Okawaru
  9756 | Lair:2   | Reached skill level 10 in Maces & Flails
 10046 | Lair:2   | Noticed an eleionoma
 10082 | Lair:2   | Killed an eleionoma
 10082 | Lair:2   | Reached *** piety under Okawaru
 10115 | Lair:2   | Found a staircase to the Swamp.
 10237 | Lair:2   | Found a hole to the Spider Nest.
 10612 | Lair:3   | Noticed a death yak
 10613 | Lair:3   | Noticed a death yak
 10615 | Lair:3   | Noticed a death yak
 10630 | Lair:3   | Killed a death yak
 10630 | Lair:3   | Reached **** piety under Okawaru
 10748 | Lair:2   | Killed a death yak
 10767 | Lair:2   | Killed a death yak
 10841 | Lair:3   | Reached XP level 13. HP: 75/86 MP: 13/13
 11219 | Lair:3   | Reached ***** piety under Okawaru
 11828 | Lair:4   | Received a gift from Okawaru
 12155 | Lair:4   | Identified the +1 cloak "Animp" {Str+6}
 12341 | Lair:4   | Found a viscous altar of Jiyva.
 12342 | Lair:4   | Found a staircase to the Slime Pits.
 12608 | Lair:4   | Killed from afar by a meliai

Illustrated notes

Levels and vault maps discovered:
D:1:      sevenhm_arrival_forest_fort_small_4, layout_loops_ring
D:2:      layout_rooms
D:3:      layout_basic, amcnicky_altar_gilded, hellmonk_ghost_happy_afterlife,
          hellmonk_ecumenical_altar_lost_god, serial_shops,
          nicolae_shop_peninsula, nicolae_shop_crystal,
          kennysheep_cross_bottleneck
D:4:      layout_gridville, nicolae_ashenzari_skybound
D:5:      layout_rooms, mainiacjoe_overflow_alcove_2,
          minmay_temple_entry_gardened_gates, serial_undead, serial_undead_b,
          serial_undead_b, serial_undead_a, serial_undead_a, uniq_duvessa
D:6:      layout_loops_ring, gammafunk_ghost_gnarly_gnolls, uniq_menkaure
D:7:      layout_cave_pods, minitemple, kennysheep_potato
D:8:      layout_gridville, lemuel_doored_altar, minmay_lair_entry_grove
D:9:      layout_irregular_city, old_standard_altar,
          nicolae_shop_i_like_big_books, uniq_psyche
D:10:     layout_rooms, mainiacjoe_overflow_boulevard, okawaru_humans,
          enter_trove_5, evilmike_butchery
Temple:   nicolae_temple_god_jail
Lair:1:   layout_long_grid
Lair:2:   layout_hall_layers, alex1729_swamp_entry_worm_eleionoma,
          hellmonk_spider_entry_life_and_decay, infiniplex_staircase_pool
Lair:3:   layout_roguey, minmay_holes, serial_bayou_shore_a,
          infiniplex_staircase_pool_2, serial_bayou_shore_b, grunt_megastairs_2
Lair:4:   layout_roguey, nicolae_slime_entry_slimehenge, special_room
          [special_room_bee]

Skill      XL: |  1  2  3  4  5  6  7  8  9 10 11 12 13 |
---------------+----------------------------------------+-----
Armour         | 4 5 7 8 9 10 12 13 | 13.1
Shields        | 4 5 6 8 9 11 12 13 | 13.1
Fighting       | 4 5 6 8 9 10 12 13 | 13.1
Maces & Flails | 3 4 5 7 8 9 11 | 11.9

Action                     |  1- 3 |  4- 6 |  7- 9 | 10-12 | 13-15 || total
---------------------------+-------+-------+-------+-------+-------++-------
  Melee: Flail             |   119 |   189 |   466 |  1111 |   493 ||  2378
 Invoke: Heroism           |       |       |       |     1 |       ||     1
    Use: Scroll            |       |     8 |    12 |    10 |     1 ||    31
         Potion            |       |     1 |     2 |       |       ||     3
 Armour: Scale mail        |    89 |   121 |       |       |       ||   210
         Chain mail        |       |    30 |   383 |       |       ||   413
         Crystal plate arm |       |       |   139 |  1215 |   452 ||  1806
  Dodge: Dodged            |    81 |   121 |   251 |   343 |   136 ||   932
  Block: Buckler           |    39 |    49 |   163 |   408 |   200 ||   859

Table legend: (Time is in decaauts)
 A = Elapsed time spent in this place.
 B = Non-inter-level travel time spent in this place.
 C = Inter-level travel time spent in this place.
 D = Time resting spent in this place.
 E = Time spent auto-exploring this place.
 F = Levels seen in this place.
 G = Mean time per level.
                   A        B        C        D        E       F      G
               +--------+--------+--------+--------+--------+-----+--------+
         Total |  12642 |  12170 |    472 |    569 |   7837 |  15 |  842.8 |
       Dungeon |   8808 |   8505 |    303 |    487 |   5553 |  10 |  880.8 |
        Temple |      1 |      1 |      0 |      0 |      0 |   1 |    1.0 |
          Lair |   3831 |   3662 |    169 |     82 |   2284 |   4 |  957.8 |
               +--------+--------+--------+--------+--------+-----+--------+

Top non-repeatable levels by time:
     D:7: 1261 daAuts
     D:3: 1104 daAuts
  Lair:1: 1031 daAuts
  Lair:3: 991 daAuts
     D:4: 982 daAuts
  Lair:2: 923 daAuts
     D:5: 896 daAuts
     D:8: 892 daAuts
  Lair:4: 885 daAuts
     D:6: 840 daAuts
     D:9: 800 daAuts
     D:1: 798 daAuts
    D:10: 719 daAuts
     D:2: 512 daAuts
  Temple: 1 daAuts
